 Dungeon Crawl Stone Soup version 0.25.1-1-g288607f5aa (webtiles) character file.

Game seed: 17464061260486732086

24 Descartes the Sneak (level 2, -4/11 HPs)
             Began as a Felid Enchanter on July 19, 2020.
             Slain by a worm (10 damage)
             ... on level 1 of the Dungeon.
             The game lasted 00:01:51 (1297 turns).

Descartes the Sneak (Felid Enchanter)               Turns: 1297, Time: 00:01:52

Health: -4/11      AC:  1    Str:  4    XL:     2   Next: 79%
Magic:  6/6        EV: 19    Int: 16    God:
Gold:   89         SH:  0    Dex: 16    Spells: 4/5 levels left
                                        Lives:  0   Deaths: 0

rFire    + . .     SeeInvis +     - Unarmed
rCold    . . .     Gourm    .   (shield unavailable)
rNeg     . . .     Faith    .   (armour unavailable)
rPois    .         Spirit   .   (helmet unavailable)
rElec    .         Reflect  .   (cloak unavailable)
rCorr    .         Harm     .   (gloves unavailable)
MR       .....                  (boots unavailable)
Stlth    +++.......             (no amulet)
HPRegen  0.03/turn              e - ring of protection from fire
MPRegen  0.10/turn              (no ring)

@: quick
A: very small, no armour, no weapons or thrown items, stealth, claws 1, fangs 3,
see invisible, carnivore, speed 1, shaggy fur 1, slow metabolism 1, sharp paws
a: no special abilities


You were on level 1 of the Dungeon.
You were completely stuffed.

You visited 1 branch of the dungeon, and saw 2 of its levels.

You collected 89 gold pieces.

Inventory:

Missiles
 c - 55 stones
 d - 48 arrows
Jewellery
 e - a ring of protection from fire (left paw)
Scrolls
 a - 2 scrolls of identify {unknown}
 f - a scroll of fear {unknown}
Potions
 g - a potion of haste {unknown}
 i - a potion of brilliance {unknown}
 j - a potion of resistance {unknown}
Comestibles
 b - 5 rations
 h - 4 chunks of flesh


   Skills:
 + Level 3.7 Dodging
 + Level 4.9 Stealth
 - Level 1.0 Unarmed Combat
 - Level 2.0 Spellcasting
 - Level 4.4 Hexes


You had 4 spell levels left.
You knew the following spells:

 Your Spells              Type           Power        Failure   Level  Hunger
a - Corona                Hex            ###....      3%          1    #......

Your spell library contained the following spells:

 Spells                   Type           Power        Failure   Level  Hunger
 Confusing Touch          Hex            ###.....     11%         3    ###....
 Tukima's Dance           Hex            ###.....     11%         3    ###....
 Ensorcelled Hibernation  Hex/Ice        #.....       13%         2    ###....
 Dazzling Flash           Conj/Hex       #.....       26%         3    ###....


Dungeon Overview and Level Annotations

Branches:
Dungeon (2/15)

Altars:
Makhleb


Innate Abilities, Weirdness & Mutations

You cannot wear armour.
You are incapable of wielding weapons or throwing items.
Your paws allow you to move quietly. (Stealth)
You have sharp claws.
You have razor-sharp teeth.
You have supernaturally acute eyesight. (SInv)
You are carnivorous and can eat meat at any time.
You cover ground quickly.
You are covered in fur. (AC +1)
You have a slow metabolism.
Your sharp claws are effective at attacking unaware monsters.


Message History

You see here a grey potion.
Found a fuming puce potion.
You scratch the worm.
The worm is lightly wounded.
The worm bites you.
You scratch the worm but do no damage. You barely miss the worm.
The worm completely misses you.
Found 10 gold pieces.
There is a stone staircase leading up here.
You climb upwards.
There is a stone staircase leading down here.
You scratch the worm but do no damage. Your bite misses the worm.
The worm misses you.
You scratch the worm.
The worm is moderately wounded.
You scratch the worm but do no damage.
The worm is moderately wounded.
The worm bites you!
Ouch! That really hurt!
You die...

########## ##########
.........# #........#
########.#######........#######
######......................#
#........#.##.......#######.##
#..........#.....#### #..#
###........#.....w.# ##.#
................@..# #.#
###......#.#..#..### ### ##.# #
#......#.#..#...# #.# #..#
###...........##..## ##.##
##..# .......####..###...#
#...# #..## .......# #.##
#.#.###.#.###.## .......# #..#
#.#..#..#..#..#
......)#####.###.##...###...##
.......).......#.##...# #...#


You could see a worm.

Vanquished Creatures
  A dart slug (D:1)
  A leopard gecko (D:1)
  A giant cockroach (D:2)
  2 goblins
  3 hobgoblins (D:1)
  2 jackals (D:1)
  3 kobolds (D:1)
  2 bats (D:1)
  A frilled lizard (D:1)
  3 rats
19 creatures vanquished.

Notes
Turn   | Place    | Note
-------+----------+-------------------------------------------
     0 | D:1      | Descartes the Felid Enchanter began the quest for the Orb.
     0 | D:1      | Reached XP level 1. HP: 7/7 MP: 4/4
   523 | D:1      | Reached XP level 2. HP: 11/11 MP: 6/6
  1222 | D:2      | Found a burning altar of Makhleb.
  1297 | D:1      | Slain by a worm

Illustrated notes

Levels and vault maps discovered:
D:1:      onia_arrival_pyramid, layout_basic, serial_curves, eino_curves_01,
          eino_curves_03
D:2:      layout_rooms, fedhas_altar_2, xom_redecorated,
          nicolae_overflow_crystal_walls, old_standard_altar,
          evilmike_ruin_ashenzari, grunt_ministairs_7, roderic_serpentine_path,
          nicolae_ru_path_of_blood

Skill      XL: |  1 |
---------------+----+-----
Dodging        | 3 |  3.7
Stealth        | |  4.9
Unarmed Combat | |  1.0
Spellcasting   | |  2.0
Hexes          | |  4.4

Action                   || total
-------------------------++-------
Melee: Unarmed           ||    68
       Bite              ||     5
 Stab: Sleeping          ||     7
  Eat: Chunk             ||     8
Armor: Skin              ||     2
Dodge: Dodged            ||    42
